[Event "45th FIDE Womens Olympiad 2024"]
[Site "Budapest"]
[Date "2024.09.15"]
[Round "5.72"]
[White "Sarquis, Maria Belen"]
[Black "Puuska, Heini"]
[Result "1/2-1/2"]
[ECO "B55"]
[WhiteElo "2172"]
[BlackElo "1930"]
[Annotator "RC"]
[PlyCount "73"]
[EventDate "2024.09.05"]
[EventType "team-tourn"]
[EventCountry "HUN"]
[SourceTitle "playchess.com"]
[Source "ChessBase"]
[SourceQuality "1"]
[WhiteTeam "Argentina"]
[BlackTeam "Finland"]
[WhiteTeamCountry "ARG"]
[BlackTeamCountry "FIN"]
[TimeControl "40/5400+30:1800+30"]

1. e4 c5 2. Nf3 d6 3. d4 Nf6 4. Bd3 cxd4 5. Nxd4 g6 6. c4 Bg7 7. h3 O-O 8. Be3 Nc6 9. Nc3 e6 10. Rc1 d5 11. Nxc6 bxc6 12. e5 Nd7 13. f4 Qh4+ 14. Ke2 d4 15. Bxd4 Qxf4 16. Be4 Rb8 17. b3 c5 18. Rf1 Qg5 19. Be3 Qh5+ 20. Rf3 Bxe5 21. Bc6 Bxc3 22. Rxc3 Ne5 23. g4 Qh4 24. Bf4 Nxf3 25. Bxf3 e5 26. Bxe5 Rb6 27. Bd5 Re8 28. Re3 Qg5 29. Qa1 Bb7 30. Qc3 Bxd5 31. cxd5 f6 32. Bf4 Rxe3+ 33. Qxe3 Qxd5 34. Qe8+ Kg7 35. Qe7+ Kg8 36. Qe8+ Kg7 37. Qe7+ 1/2-1/2

[Event "45th FIDE Womens Olympiad 2024"]
[Site "Budapest"]
[Date "2024.09.15"]
[Round "5.73"]
[White "Wafa, Shrook"]
[Black "Linares Napoles, Oleiny"]
[Result "1/2-1/2"]
[ECO "B40"]
[WhiteElo "2137"]
[BlackElo "2201"]
[Annotator "TA"]
[PlyCount "80"]
[EventDate "2024.09.05"]
[EventType "team-tourn"]
[EventCountry "HUN"]
[SourceTitle "playchess.com"]
[Source "ChessBase"]
[SourceQuality "1"]
[WhiteTeam "Egypt"]
[BlackTeam "Cuba"]
[WhiteTeamCountry "EGY"]
[BlackTeamCountry "CUB"]
[TimeControl "40/5400+30:1800+30"]

1. e4 c5 2. Nf3 e6 3. g3 b6 4. Bg2 Bb7 5. Nc3 a6 6. O-O d6 7. d4 cxd4 8. Nxd4 {White is slightly better.} Be7 9. Qe2 Qc7 10. Rd1 Nf6 11. Bg5 {[#] Hoping for Bxf6.} O-O 12. e5 dxe5 13. Bxb7 Qxb7 14. Qxe5 Nc6 15. Qe2 Nxd4 16. Rxd4 {The position is equal.} Rfd8 17. Rad1 Rxd4 18. Rxd4 h6 19. Bxf6 Bxf6 20. Rd3 Qc6 21. Nd1 Rc8 22. c3 b5 23. Ne3 g6 24. Qd2 h5 {Prevents Ng4.} 25. Rd6 Qb7 26. Qd3 Kg7 27. a3 Rc7 (27... Qa8 {simplifies} 28. Qd2 Rd8 29. Rxd8 Qxd8 30. Qxd8 Bxd8 31. c4 Kf8) 28. Qd1 Be5 29. Rd8 Bf6 30. Rd3 Qe4 31. h4 Be7 32. Rd4 Qc6 33. Nc2 Bc5 34. Rd3 Qe4 35. Nd4 Qg4 36. Qe1 Bxd4 37. Rxd4 Qf5 {Against Qe5+} 38. Qd2 Rc5 39. Kg2 Rd5 40. b3 Qe5 {Weighted Error Value: White=0.07 (flawless) /Black=0.05 (flawless) .  Inaccurate:     	White=3     	Black=1      OK:         	White=13    	Black=14     Best:        	White=1     	Black=1} 1/2-1/2

[Event "45th FIDE Womens Olympiad 2024"]
[Site "Budapest"]
[Date "2024.09.15"]
[Round "5.74"]
[White "Arribas Robaina, Maritza"]
[Black "Wafa, Shahenda"]
[Result "1-0"]
[ECO "B52"]
[WhiteElo "2143"]
[BlackElo "2102"]
[Annotator "TA"]
[PlyCount "63"]
[EventDate "2024.09.05"]
[EventType "team-tourn"]
[EventCountry "HUN"]
[SourceTitle "playchess.com"]
[Source "ChessBase"]
[SourceQuality "1"]
[WhiteTeam "Cuba"]
[BlackTeam "Egypt"]
[WhiteTeamCountry "CUB"]
[BlackTeamCountry "EGY"]
[TimeControl "40/5400+30:1800+30"]

1. e4 c5 2. Nf3 d6 3. Bb5+ Bd7 4. Bxd7+ Nxd7 5. c4 Ngf6 6. Nc3 e6 7. O-O a6 8. d4 cxd4 9. Qxd4 Qa5 {The position is equal.} 10. Bd2 Qc5 11. Qd3 Rc8 12. Rac1 Be7 (12... Qc7 $11) 13. Nd5 $1 $16 Qc6 $2 {[%mdl 8192] [#]} (13... exd5 $2 {perishes.} 14. cxd5 O-O 15. Rxc5 Nxc5 16. Qb1 Ncxe4 17. Be3 $18) (13... Qa7 $16 {is a better defense.}) 14. Nd4 $1 $18 Qc5 {[#]} 15. Bb4 $1 Ne5 (15... exd5 $142 16. Bxc5 dxe4) 16. Qd1 Qa7 17. Nxe7 Rd8 18. Nf3 {Hoping for Nxe5.} Nxf3+ 19. Qxf3 Kxe7 20. e5 Nd7 21. Bxd6+ Ke8 {Black is weak on the dark squares} 22. c5 f6 (22... Nb8 $142 23. b4 Rg8) 23. Rfd1 {And now Qh5+ would win.} Rc8 24. Qh5+ g6 25. Qh4 (25. Qh6 $142 Kf7 26. exf6 Nxf6 27. Be5) 25... h5 26. exf6 {[%cal Of6f7] f7+! would kill now.} Kf7 27. b4 a5 28. b5 g5 29. Qxg5 Rcg8 {Inhibits Qg7+.} 30. Qe3 {Strongly threatening Be7.} Rc8 31. Be7 {Intending Rd6 and mate.} Nb8 32. Rd6 {White took control after the opening.   Weighted Error Value: White=0.42/Black=1.14.  Loses game:     	---       	Black=1      Mistake:       	---       	Black=2      Inaccurate:     	---       	Black=1      OK:         	White=2     	Black=1      Best:        	White=1     	Black=1      Strong:       	White=3     	---} 1-0

[Event "45th FIDE Womens Olympiad 2024"]
[Site "Budapest"]
[Date "2024.09.15"]
[Round "5.75"]
[White "Romany, Joy"]
[Black "Miranda Llanes, Yerisbel"]
[Result "0-1"]
[ECO "E73"]
[WhiteElo "2012"]
[BlackElo "2294"]
[Annotator "TA"]
[PlyCount "70"]
[EventDate "2024.09.05"]
[EventType "team-tourn"]
[EventCountry "HUN"]
[SourceTitle "playchess.com"]
[Source "ChessBase"]
[SourceQuality "1"]
[WhiteTeam "Egypt"]
[BlackTeam "Cuba"]
[WhiteTeamCountry "EGY"]
[BlackTeamCountry "CUB"]
[TimeControl "40/5400+30:1800+30"]

1. d4 Nf6 2. c4 g6 3. Nc3 Bg7 4. e4 d6 5. Be2 O-O 6. Bg5 Na6 7. Qd2 e5 8. d5 Qe8 9. f3 Nh5 10. Bh6 (10. Bd1 $14) 10... f5 11. Bxg7 Kxg7 12. exf5 {The position is equal.} gxf5 13. Nh3 Qg6 14. O-O-O Bd7 {[#]} 15. g4 fxg4 $11 16. Rhg1 Kh8 (16... g3 $6 17. Ng5 $16) 17. Nf2 {[#]} (17. fxg4 $11 {keeps the balance.} Nf4 18. Nxf4 Rxf4 19. Rdf1) 17... Nf4 $1 $17 {Strongly threatening ...Nxe2+.} 18. Bf1 Qh6 {Black is much more active.} (18... Nc5 {is more complex.} 19. b4 Na4 20. Nxa4 Bxa4 21. Re1 Qf7) 19. Nxg4 Bxg4 20. Rxg4 Nc5 21. Kb1 a5 22. Nb5 Rf7 23. h4 ({White should try} 23. Rg3 $15) 23... Qf6 24. Be2 a4 25. Rdg1 c6 (25... Qf5+ $17 26. Ka1 Raf8) 26. dxc6 $11 bxc6 27. Nxd6 Rd7 28. Ne4 Qf5 {[%mdl 8192] [#]} (28... Qe6 $14 29. Qc2 Nxe4 30. Qxe4 Rd4) 29. Qa5 $1 $18 (29. Rxf4 Rxd2 30. Rxf5 Nxe4 $16) 29... Rad8 (29... Rdd8 30. Rxf4 (30. Qxc5 Nxe2 31. Rg5 Qe6 $18) 30... Qxe4+ 31. Rxe4 (31. fxe4 Rxa5 32. Rf7 Rg8 $16) 31... Rxa5) 30. Qxc5 $2 (30. Rg5 $18 Qf8 31. Nxc5) 30... Nxe2 $11 31. Re1 (31. Rf1 $11 Rd1+ 32. Rxd1 Rxd1+ 33. Kc2 Nd4+ 34. Kxd1 Qxf3+ 35. Kd2 Qe2+ 36. Kc3 Qe1+ 37. Kd3 Qd1+ 38. Kc3 Qe1+ 39. Kd3 Qd1+ 40. Kc3 Qe1+) 31... Nd4 $1 $36 {[%mdl 2048] Black has good play.} 32. Rg5 Qf4 33. Nd2 Nxf3 $19 ({Inferior is} 33... Nc2 34. Re4 $11 (34. Kxc2 {gets mated.} Qxd2+ 35. Kb1 Qxe1+ 36. Kc2 Qe2+ 37. Kc3 Qd2#) (34. Kxc2 {leads to mate.} Qxd2+ 35. Kb1 Qxe1+ 36. Kc2 Qe2+ 37. Kc3 Qd2#)) 34. Nxf3 Rd1+ 35. Kc2 Qc1# {Weighted Error Value: White=0.70/Black=0.31.  Loses game:     	White=1     	Black=1      Missed win:     	White=1     	---        Mistake:       	White=3     	Black=2      Inaccurate:     	White=2     	Black=3      OK:         	White=8     	Black=7      Best:        	White=1     	Black=3      Strong:       	White=1     	Black=2} 0-1

[Event "45th FIDE Womens Olympiad 2024"]
[Site "Budapest"]
[Date "2024.09.15"]
[Round "5.76"]
[White "Forgas Moreno, Yaniela"]
[Black "Allam, Yara"]
[Result "1-0"]
[ECO "B40"]
[WhiteElo "2203"]
[BlackElo "1920"]
[Annotator "TA"]
[PlyCount "53"]
[EventDate "2024.09.05"]
[EventType "team-tourn"]
[EventCountry "HUN"]
[SourceTitle "playchess.com"]
[Source "ChessBase"]
[SourceQuality "1"]
[WhiteTeam "Cuba"]
[BlackTeam "Egypt"]
[WhiteTeamCountry "CUB"]
[BlackTeamCountry "EGY"]
[TimeControl "40/5400+30:1800+30"]

1. e4 c5 2. Nf3 e6 3. Nc3 Nc6 4. d4 cxd4 5. Nxd4 Be7 6. Nxc6 bxc6 7. Bd3 d5 8. O-O Nf6 9. Qe2 Qc7 10. Kh1 O-O 11. f4 dxe4 12. Nxe4 {The position is equal.} Nxe4 13. Bxe4 Rb8 14. c3 c5 15. Be3 Bd7 16. Rad1 Rfd8 17. f5 exf5 18. Bf4 Qb6 {[%mdl 8192] [#] A mistake that costs the game.} 19. Bxb8 $18 Qxb8 20. Bxf5 Bxf5 21. Qxe7 Re8 22. Qxc5 Be6 23. b3 h6 24. c4 Qb7 25. Rd6 Qe4 26. Qc6 Qxc6 27. Rxc6 {Weighted Error Value: White=0.06 (flawless) /Black=0.39.  Loses game:     	---       	Black=1      Inaccurate:     	---       	Black=1      OK:         	White=8     	Black=5      Best:        	---       	Black=1} 1-0

[Event "45th FIDE Womens Olympiad 2024"]
[Site "Budapest"]
[Date "2024.09.15"]
[Round "5.77"]
[White "Theissl Pokorna, Regina"]
[Black "Wagener, Anna"]
[Result "1-0"]
[ECO "B22"]
[WhiteElo "2302"]
[BlackElo "2251"]
[Annotator "TA"]
[PlyCount "79"]
[EventDate "2024.09.05"]
[EventType "team-tourn"]
[EventCountry "HUN"]
[SourceTitle "playchess.com"]
[Source "ChessBase"]
[SourceQuality "1"]
[WhiteTeam "Austria"]
[BlackTeam "Luxembourg"]
[WhiteTeamCountry "AUT"]
[BlackTeamCountry "LUX"]
[TimeControl "40/5400+30:1800+30"]

1. e4 c5 2. c3 d5 3. exd5 Qxd5 4. d4 Nf6 5. Nf3 e6 6. Na3 Be7 7. Nb5 Na6 8. Be2 cxd4 9. Nbxd4 O-O 10. Bf4 Bd6 (10... Nc5 $14) 11. Bxd6 (11. Nxe6 $1 $16 {Hoping for Qxd5.} Bxf4 12. Nxf4) 11... Qxd6 $11 12. O-O Nc7 13. a4 Bd7 14. Nb5 Nxb5 15. axb5 Qc5 16. Qd4 Qxd4 17. Nxd4 e5 18. Nb3 b6 19. Rfd1 Be6 20. Nd2 Rfd8 21. Nf3 Rxd1+ 22. Rxd1 Re8 {[#]} (22... Bg4 $14 {might be stronger.}) 23. Ra1 $1 $16 (23. Nxe5 $2 {is the wrong capture.} Bb3 24. Bc4 Bxd1 $19) 23... Re7 24. Nxe5 Bg4 25. Bxg4 Rxe5 $18 {[%mdl 4096] Endgame. KRB-KRN} 26. Bf3 g5 27. Bc6 (27. Rxa7 $2 Re1#) 27... Re2 28. h3 (28. Rxa7 $2 Re1#) 28... Rxb2 29. Rxa7 Rc2 30. Rb7 Rxc3 31. Rxb6 g4 32. Ra6 Kg7 (32... Kf8 {is a better defense.} 33. Ba8 Kg7) 33. Ra4 gxh3 34. gxh3 {Strongly threatening Rb4.} Ng8 $2 (34... Rb3 35. Ra6 Rxh3) 35. Rb4 {[%cal Ob5b6] [#] And now b6! would win. White is clearly winning.} Ne7 36. Bg2 Rc8 37. b6 Nf5 38. b7 Rb8 39. Rb6 h6 40. Ra6 {Weighted Error Value: White=0.07 (flawless) /Black=0.28 (precise) .  Mistake:       	White=1     	Black=5      Inaccurate:     	---       	Black=2      OK:         	White=18    	Black=12     Best:        	White=1     	---        Strong:       	White=1     	---} 1-0

[Event "45th FIDE Womens Olympiad 2024"]
[Site "Budapest"]
[Date "2024.09.15"]
[Round "5.78"]
[White "Steil-Antoni, Fiona"]
[Black "Newrkla, Katharina"]
[Result "1/2-1/2"]
[ECO "B22"]
[WhiteElo "2085"]
[BlackElo "2208"]
[Annotator "TA"]
[PlyCount "58"]
[EventDate "2024.09.05"]
[EventType "team-tourn"]
[EventCountry "HUN"]
[SourceTitle "playchess.com"]
[Source "ChessBase"]
[SourceQuality "1"]
[WhiteTeam "Luxembourg"]
[BlackTeam "Austria"]
[WhiteTeamCountry "LUX"]
[BlackTeamCountry "AUT"]
[TimeControl "40/5400+30:1800+30"]

1. e4 c5 2. c3 Nf6 3. e5 Nd5 4. d4 cxd4 5. Qxd4 e6 6. Bd3 Nc6 7. Qe4 d6 8. Nf3 dxe5 9. Nxe5 Bd6 10. Nxc6 bxc6 11. O-O f5 12. Qe2 O-O 13. Bc2 (13. Na3 $1 $11) 13... Qc7 $15 14. h3 Kh8 15. Rd1 Bb7 ({Better is} 15... e5 $17 16. c4 Ba6) 16. c4 Nb4 (16... Ba6 $15 {might be stronger.}) 17. a3 Nxc2 18. Qxc2 c5 19. Nc3 Qc6 (19... Be5 $142) 20. f3 $11 Rae8 {The position is equal.} 21. Qa4 {[#] Black must now prevent Qxc6.} Qb6 22. Qb5 Qc7 23. Rxd6 Qxd6 24. Qxb7 {[%cal Oc1e3] Threatens to win with Be3!} Rb8 $1 25. Qxa7 Ra8 26. Qb7 {[#] Nb5 is the strong threat.} Rab8 $1 27. Qa7 {Strongly threatening Nb5.} Ra8 28. Qb7 {And now Nb5 would win.} Rab8 $1 29. Qa7 {Nb5 would now be deadly.} Ra8 {Weighted Error Value: White=0.08 (flawless) /Black=0.07 (flawless) .  Mistake:       	White=1     	Black=3      OK:         	White=8     	Black=9      Best:        	White=4     	Black=3      Strong:       	---       	Black=3} 1/2-1/2

[Event "45th FIDE Womens Olympiad 2024"]
[Site "Budapest"]
[Date "2024.09.15"]
[Round "5.79"]
[White "Exler, Veronika"]
[Black "Bakalarz, Grazyna"]
[Result "1-0"]
[ECO "E06"]
[WhiteElo "2176"]
[BlackElo "1928"]
[Annotator "TA"]
[PlyCount "71"]
[EventDate "2024.09.05"]
[EventType "team-tourn"]
[EventCountry "HUN"]
[SourceTitle "playchess.com"]
[Source "ChessBase"]
[SourceQuality "1"]
[WhiteTeam "Austria"]
[BlackTeam "Luxembourg"]
[WhiteTeamCountry "AUT"]
[BlackTeamCountry "LUX"]
[TimeControl "40/5400+30:1800+30"]

1. d4 Nf6 2. c4 e6 3. Nf3 d5 4. g3 Be7 5. Bg2 O-O 6. Qc2 Nc6 7. O-O Nb4 8. Qb3 c5 9. cxd5 {White has an edge.} Qxd5 10. Qxd5 Nfxd5 11. Na3 {Prevents Nc2} cxd4 12. Nxd4 e5 13. Ndc2 Nxc2 14. Nxc2 Be6 15. Ne3 Rfd8 16. Nxd5 Bxd5 17. Be3 b6 18. Rfd1 Bxg2 19. Kxg2 f6 20. a4 Kf7 21. Rxd8 Bxd8 $11 {[%mdl 4096] Endgame. KRB-KRB} 22. Rc1 Ke6 23. f4 exf4 24. gxf4 h5 25. Kf3 g6 26. Bd4 Kd5 27. Rd1 Ke6 28. Rc1 Kd5 29. Bf2 Be7 30. e4+ Ke6 31. Rc7 Bf8 {[#]} 32. Rc6+ $1 Kf7 33. Bd4 Be7 34. Rc7 Ke6 35. Bc3 {[%cal Of4f5] White is much more active.} a5 $2 {[#]} (35... f5 $16 {might work better.}) 36. Rc6+ {Weighted Error Value: White=0.10 (very precise) /Black=0.15 (very precise) .  Mistake:       	---       	Black=1      Inaccurate:     	White=5     	Black=4      OK:         	White=5     	Black=13     Best:        	White=1     	---        Strong:       	White=1     	---} 1-0

[Event "45th FIDE Womens Olympiad 2024"]
[Site "Budapest"]
[Date "2024.09.15"]
[Round "5.80"]
[White "Lyon, Hannah Jane"]
[Black "Schloffer, Jasmin-Denise"]
[Result "0-1"]
[ECO "D30"]
[WhiteElo "1797"]
[BlackElo "2168"]
[Annotator "TA"]
[PlyCount "66"]
[EventDate "2024.09.05"]
[EventType "team-tourn"]
[EventCountry "HUN"]
[SourceTitle "playchess.com"]
[Source "ChessBase"]
[SourceQuality "1"]
[WhiteTeam "Luxembourg"]
[BlackTeam "Austria"]
[WhiteTeamCountry "LUX"]
[BlackTeamCountry "AUT"]
[TimeControl "40/5400+30:1800+30"]

1. d4 Nf6 2. c4 e6 3. g3 d5 4. Nf3 Bb4+ 5. Bd2 Bd6 6. Bg2 O-O 7. Qc2 c6 8. O-O Ne4 9. Rd1 Nd7 10. a3 {The position is equal.} a5 11. Nc3 f5 12. Rab1 Qe7 13. c5 Bc7 14. b4 e5 15. b5 exd4 (15... Nxc3 $15 16. Qxc3 e4) 16. Nxe4 ({White should play} 16. Nxd4 $14 Ndf6 17. bxc6 bxc6 18. Nxe4 (18. Nxc6 Qxc5 $14) 18... Nxe4 19. Bf4 (19. Nxc6 $2 Qf6 $17) 19... Bxf4 20. gxf4) 16... fxe4 $11 17. Nxd4 Qf6 18. Be1 Be5 19. e3 Bc7 {Hoping for ...Ne5.} 20. Bc3 (20. f4 $15) 20... Ne5 $17 (20... Nxc5 21. bxc6 (21. Nxc6 Qe6 $16) 21... bxc6 22. Nb5 $16) 21. Qa2 {[#]} Kh8 (21... Ng4 $1 $17 22. Rd2 Qh6) 22. Rf1 (22. b6 $15 Bb8 23. Nxc6 bxc6 (23... Qxc6 24. Qxd5 Qxd5 25. Rxd5 $16) 24. b7 Bxb7 25. Bxe5 Bxe5 26. Rxb7) 22... Qh6 23. Qd2 {[#]} (23. Qb2 $17) 23... Bh3 $1 $19 {And now ...Bxg2 would win.} 24. f3 (24. Qd1 $142) 24... Nc4 25. Qe2 (25. Qc1 {is the only way for White.} Bxg2 (25... Qxe3+ $2 26. Qxe3 Nxe3 27. Bxh3 $18) 26. Kxg2 exf3+ (26... Qxe3 27. f4 $17) (26... Nxe3+ $2 27. Kg1 $19) 27. Nxf3 Nxe3+ (27... Qxe3 28. bxc6 bxc6 29. Rb7 $11) 28. Kg1) 25... Bxg2 ({Stronger than} 25... Nxe3 26. Bxh3 Nxf1 27. Bxf1 $14) ({Weaker is} 25... Nxa3 26. Rbe1 Nxb5 27. Nxb5 cxb5 28. fxe4 $17) 26. Kxg2 Nxe3+ ({Not} 26... Qxe3 27. Qxe3 Nxe3+ 28. Kf2 Nxf1 29. Kxf1 $19) 27. Kg1 Nxf1 28. Rxf1 exf3 29. Qe7 (29. Nxf3 $142 Rae8 30. Qc2) 29... Rfe8 30. Qxc7 Qe3+ 31. Kh1 Qxc3 32. Nf5 Re1 33. Kg1 Rae8 {Weighted Error Value: White=0.73/Black=0.11 (very precise) .  Mistake:       	White=7     	Black=2      Inaccurate:     	White=2     	---        OK:         	White=3     	Black=14     Best:        	White=1     	Black=1} 0-1

[Event "45th FIDE Womens Olympiad 2024"]
[Site "Budapest"]
[Date "2024.09.15"]
[Round "5.81"]
[White "Mihok-Juhasz, Barbara"]
[Black "Ortiz Verdezoto, Anahi"]
[Result "1/2-1/2"]
[ECO "C24"]
[WhiteElo "2193"]
[BlackElo "2229"]
[Annotator "TA"]
[PlyCount "89"]
[EventDate "2024.09.05"]
[EventType "team-tourn"]
[EventCountry "HUN"]
[SourceTitle "playchess.com"]
[Source "ChessBase"]
[SourceQuality "1"]
[WhiteTeam "Hungary B"]
[BlackTeam "Ecuador"]
[WhiteTeamCountry "HUN"]
[BlackTeamCountry "ECU"]
[TimeControl "40/5400+30:1800+30"]

1. e4 e5 2. Nc3 Nf6 3. Bc4 d6 4. f4 c6 5. d3 Be7 ({Black should play} 5... exf4 $11 6. Bxf4 d5 7. exd5 cxd5) 6. Nf3 exf4 7. Bxf4 O-O 8. Bb3 Be6 9. O-O d5 10. Qe1 Nbd7 11. d4 dxe4 12. Nxe4 {[#] Hoping for Bxe6.} Bxb3 13. axb3 Re8 14. Nxf6+ Bxf6 15. Qb4 Re4 16. Bg3 Nb6 17. c3 Re2 18. Rf2 Re7 19. Qa5 Qe8 20. h3 Nd5 21. c4 Ne3 22. Re1 (22. Be5 $14) 22... b6 (22... Nxc4 $5 23. bxc4 Rxe1+ 24. Nxe1 (24. Qxe1 Qxe1+ 25. Nxe1 Bxd4 $17) 24... Bxd4 $15) 23. Qd2 Nf5 24. Be5 Bxe5 25. Nxe5 Nd6 26. Rfe2 {[#] Threatens to win with d5.} f6 27. Nf3 Rxe2 28. Rxe2 Qd7 29. Qf4 Nf5 30. g4 Ne7 31. Kf2 a5 32. Qe4 Ra7 33. Kg2 h6 34. Nh4 b5 35. Nf3 bxc4 36. bxc4 Rb7 37. Kf2 Qd6 38. Kg2 Kf7 39. Rf2 Rb3 (39... Qe6 $15 40. Qe5 a4 (40... fxe5 41. Ng5+ Kg8 42. Nxe6 $11) (40... Qxc4 41. Qxa5 Kg6 42. g5 $15) 41. Qxe6+ Kxe6) 40. Ne5+ $11 {The position is equal.} Kg8 41. Nf3 Qb4 42. Qe6+ Kh7 43. Qe4+ Kg8 44. Qe6+ Kh7 45. Qe4+ {A balanced but interesting game.   Weighted Error Value: White=0.09 (flawless) /Black=0.08 (flawless) .  Mistake:       	White=1     	Black=1      Inaccurate:     	White=1     	Black=1      OK:         	White=13    	Black=14} 1/2-1/2

[Event "45th FIDE Womens Olympiad 2024"]
[Site "Budapest"]
[Date "2024.09.15"]
[Round "5.82"]
[White "Wagenschuetz, Evelyn"]
[Black "Karacsonyi, Kata"]
[Result "0-1"]
[ECO "B45"]
[WhiteElo "2036"]
[BlackElo "2233"]
[Annotator "RC"]
[PlyCount "94"]
[EventDate "2024.09.05"]
[EventType "team-tourn"]
[EventCountry "HUN"]
[SourceTitle "playchess.com"]
[Source "ChessBase"]
[SourceQuality "1"]
[WhiteTeam "Ecuador"]
[BlackTeam "Hungary B"]
[WhiteTeamCountry "ECU"]
[BlackTeamCountry "HUN"]
[TimeControl "40/5400+30:1800+30"]

1. e4 c5 2. Nf3 e6 3. d4 cxd4 4. Nxd4 Nf6 5. Nc3 Nc6 6. Bg5 h6 7. Be3 Bb4 8. Nxc6 bxc6 9. Bd3 d5 10. e5 d4 11. Bd2 Nd7 12. Ne2 Bxd2+ 13. Qxd2 Nxe5 14. O-O O-O 15. Nxd4 c5 16. Nb5 Ba6 17. a4 Bxb5 18. axb5 c4 19. Qe3 cxd3 20. Qxe5 dxc2 21. Qe2 Qc7 22. Rfc1 Rfc8 23. Ra3 Qc4 24. Kf1 Qf4 25. Rxc2 Qxh2 26. Rh3 Qf4 27. Rhc3 Rd8 28. Rc7 Qh2 29. f3 Qh1+ 30. Kf2 Qh4+ 31. Kf1 Qh1+ 32. Kf2 Qh4+ 33. Kf1 Rab8 34. Rxa7 Qh1+ 35. Kf2 Qh4+ 36. Kf1 Qh1+ 37. Kf2 Qh4+ 38. Kf1 Rxb5 39. Rd2 Qh1+ 40. Kf2 Qh4+ 41. Kf1 Rxd2 42. Qxd2 Qh1+ 43. Kf2 Qb1 44. Qd8+ Kh7 45. Rxf7 Rxb2+ 46. Ke3 Qc1+ 47. Ke4 Re2+ 0-1

[Event "45th FIDE Womens Olympiad 2024"]
[Site "Budapest"]
[Date "2024.09.15"]
[Round "5.83"]
[White "Demeter, Dorina"]
[Black "Vasquez Ramirez, Rocio"]
[Result "1-0"]
[ECO "D45"]
[WhiteElo "2199"]
[BlackElo "1981"]
[Annotator "TA"]
[PlyCount "53"]
[EventDate "2024.09.05"]
[EventType "team-tourn"]
[EventCountry "HUN"]
[SourceTitle "playchess.com"]
[Source "ChessBase"]
[SourceQuality "1"]
[WhiteTeam "Hungary B"]
[BlackTeam "Ecuador"]
[WhiteTeamCountry "HUN"]
[BlackTeamCountry "ECU"]
[TimeControl "40/5400+30:1800+30"]

1. Nf3 Nf6 2. c4 c6 3. d4 d5 4. Nc3 e6 5. e3 Nbd7 6. Qc2 Bb4 7. Bd3 Nb6 8. cxd5 (8. b3 $14) 8... exd5 $11 9. O-O O-O {The position is equal.} 10. Bd2 c5 (10... g6 $11) 11. dxc5 $14 Bxc5 12. Nb5 Qe7 13. Rac1 Nbd7 (13... Ne4 $142) 14. Nfd4 {White is much more active. The black rooks are passive.} (14. Bc3 $16) 14... g6 $1 15. Nb3 Bb6 (15... b6 $1 $14 {might be stronger.}) 16. a3 $36 {[%mdl 2048] White is in control.} a5 {Wards off Bb4} 17. Nc7 Ra7 {[#]} 18. Nd4 $1 Ne5 {[#] ...Nxd3 would now be deadly.} 19. Ndb5 $1 Nfg4 (19... Bd7 $16 20. Nxa7 Bxa7 21. Bxa5 Rc8) 20. h3 (20. Nxa7 Nf3+ 21. gxf3 Qh4 22. fxg4 Qxg4+ 23. Kh1 Qf3+ 24. Kg1 Bh3 $19 (24... Qg4+ $2 25. Kh1 $19) (24... Qg4+ $2 25. Kh1 $19)) 20... Qh4 $2 (20... Nf3+ {was called for.} 21. gxf3 Ne5) 21. Be2 (21. hxg4 Nxg4 22. Rfe1 Qxf2+ 23. Kh1 Qh4+ (23... Nxe3 $2 {too greedy.} 24. Bxe3 Bxe3 25. Qxf2 $18) 24. Kg1 Qh2+ 25. Kf1 Qh1+ 26. Ke2 Qxg2+ 27. Kd1 Nf2+ 28. Ke2 Bg4#) (21. Nxa7 Nf3+ 22. Kh1 (22. gxf3 Qxh3 23. fxg4 Qxg4+ 24. Kh2 Qh4+ 25. Kg1 Bh3) 22... Nxf2+ 23. Rxf2 Qxf2 24. Nxd5 Qg3 (24... Bxh3 $2 25. Ne7+ Kg7 26. Bc3+ Bd4 27. Qxf2 $18) 25. Ne7+ (25. Nxc8 $2 Qh2#) 25... Kg7 26. Bc3+ (26. Naxc8 $2 Qh2#) 26... f6 27. gxf3 (27. Naxc8 $2 Qh2#) 27... Qxh3+ 28. Qh2 Qxf3+ 29. Qg2 Qh5+ 30. Qh2 (30. Kg1 $2 Bxe3+ 31. Kf1 Bh3 $19) 30... Qf3+ 31. Qg2 Qh5+ 32. Qh2 (32. Kg1 $2 Bxe3+ 33. Kf1 Bh3 $19) 32... Qf3+ $11) 21... d4 (21... Nf6 22. Bc3 Bf5) 22. exd4 $18 {White is clearly winning.} ({Weaker is} 22. hxg4 d3 23. Qc3 (23. Bxd3 {gets mated.} Nxg4 24. Rfe1 Qxf2+ 25. Kh1 Qh4+ 26. Kg1 Qh2+ 27. Kf1 Qh1+ 28. Ke2 Qxg2+ 29. Kd1 Nf2+ 30. Ke2 Bg4#) 23... dxe2 24. Qxe5 exf1=Q+ 25. Rxf1 Bxc7 26. Nxc7 b6 $16) 22... Bf5 23. Qd1 Nxf2 24. Rxf2 Bxh3 25. gxh3 Bxd4 26. Nxd4 Qxd4 27. Nb5 {Weighted Error Value: White=0.28 (precise) /Black=0.61.  Mistake:       	White=2     	Black=6      Inaccurate:     	---       	Black=1      OK:         	White=4     	Black=3      Best:        	White=1     	---        Strong:       	White=2     	Black=1} 1-0